 Dungeon Crawl Stone Soup version 0.15-a0-90-g85a0ca6 (webtiles) character file.

1722 BluebellGnoll the Conjurer (level 8, -1/46 HPs)
             Began as a High Elf Fire Elementalist on Apr 8, 2014.
             Was an Initiate of Sif Muna.
             Slain by Mygna's ghost (10 damage)
             ... on Level 7 of the Dungeon.
             The game lasted 00:52:32 (7288 turns).

BluebellGnoll the Conjurer (HEFE)                   Turns: 7288, Time: 00:52:32

HP  -1/46        AC  7     Str  7      XL: 8   Next: 40%
MP   6/25        EV 13     Int 21      God: Sif Muna [......]
Gold 331         SH  0     Dex 16      Spells:  6 memorised,  3 levels left

rFire  . . .     SeeInvis .     u - +0 blowgun
rCold  . . .     Clarity  .     F - +3 leather armour
rNeg   . . .     Conserve .     (no shield)
rPois  .         rCorr    .     (no helmet)
rElec  .         rRot     .     a - +0 cloak
SustAb . .       Spirit   .     (no gloves)
rMut   .         Warding  .     (no boots)
Saprov . . .     Stasis   +     x - amulet of stasis
MR     .....                    (no ring)
                                I - ring of invisibility

@: not resistant to hostile enchantments, fairly stealthy
A: no striking features
a: Renounce Religion, Evoke Invisibility


You were on level 7 of the Dungeon.
You worshipped Sif Muna.
Sif Muna was noncommittal.
You were not hungry.

You visited 2 branches of the dungeon, and saw 8 of its levels.

You collected 331 gold pieces.

Inventory:

Hand weapons
 f - a +0,+1 dagger of draining
 h - a +0,+0 bow
 t - a +2,+2 spear of venom
 u - a +0 blowgun (weapon)
 H - a +1,+0 war axe of chopping
Missiles
 i - 37 poisoned needles (quivered)
 o - 2 throwing nets
Armour
 a - a +0 cloak (worn)
 F - a +3 leather armour (worn)
Magical devices
 C - a wand of draining (6)
Comestibles
 c - 4 bread rations
 q - a lychee
Scrolls
 d - 2 scrolls of immolation
 s - a scroll of identify
 v - 3 scrolls of remove curse
 J - a scroll of fog
Jewellery
 n - an uncursed amulet of resist corrosion
 x - an amulet of stasis (around neck)
 A - an uncursed ring of ice
 I - a ring of invisibility (left hand)
Potions
 e - 3 potions of curing
 j - 3 potions of brilliance
 k - 4 potions of agility
 p - 5 potions of heal wounds
 z - a potion of resistance {unknown}
 B - a potion of magic {unknown}
 E - a potion of lignification
 G - a potion of might


   Skills:
 + Level 4.7 Dodging
 - Level 2.1 Stealth
 - Level 7.2 Spellcasting
 + Level 8.0 Conjurations
 - Level 3.0 Fire Magic


You had 3 spell levels left.
You knew the following spells:

 Your Spells              Type           Power        Failure   Level  Hunger
a - Flame Tongue          Conj/Fire      ####.        1%          1    None
b - Throw Flame           Conj/Fire      ####..       1%          2    None
c - Conjure Flame         Conj/Fire      ####....     2%          3    #......
d - Inner Flame           Hex/Fire       ##......     17%         3    #......
e - Sticky Flame          Conj/Fire      ####....     12%         4    ###....
f - Fireball              Conj/Fire      ####......   28%         5    ####...


Dungeon Overview and Level Annotations

Branches:
Dungeon (7/15)             Temple (1/1) D:6

Altars:
Fedhas
Okawaru
Sif Muna
Xom
The Shining One

Annotations:
D:7 Mygna's ghost, experienced MfTm


Message History

Aiming: Flame Tongue
Press: ? - help, Shift-Dir - straight line, f/p - Mygna's ghost
Aim: Mygna's ghost (flame, heavily damaged)
The flame tongue hits Mygna's ghost.
Mygna's ghost appears unharmed.
Mygna's ghost is heavily damaged.
Mygna's ghost hits you but does no damage.
Casting: Flame Tongue
Confirm with . or Enter, or press ? or * to list all spells.
Aiming: Flame Tongue
Press: ? - help, Shift-Dir - straight line, f/p - Mygna's ghost
Aim: Mygna's ghost (flame, heavily damaged)
The flame tongue hits Mygna's ghost.
Mygna's ghost resists.
Mygna's ghost is heavily damaged.
Mygna's ghost is engulfed in roaring flames.
Mygna's ghost flexes its fingers.
Mygna's ghost barely misses you. Mygna's ghost hits you!
* * * LOW HITPOINT WARNING * * *
Mygna's ghost hits you!
You die...

.. #.#.## .
#.... . #.
#...# ...
#.####.##......
#..........#
###.##.##..#
#.##.# ....
#p##.. '##
######@####. .
#.......###.+
....###......#
###..####.###.#
.#... ..##.#
...#..#.##.#
......#.##.#
#.......# [.
####.####


You could see Mygna's ghost.

Vanquished Creatures
  2 sky beasts
  3 ogres
  An orc warrior (D:4)
  3 phantoms
  Sigmund (D:7)
  A giant frog (D:6)
  A crimson imp (D:6)
  A hound (D:4)
  An orc wizard (D:3)
  Natasha (thrice) (D:3)
  2 orc priests
  3 worker ants
  Ijyb (D:4)
  4 adders
  2 inept feature mimics
  2 worms
  A giant eyeball (D:7)
  3 giant geckos
  An ooze (D:4)
  14 orcs
  A ball python (D:1)
  10 bats
  3 giant cockroaches
  A gnoll zombie (D:5)
  9 hobgoblins
  23 jackals
  12 kobolds
  5 quokkas
  A giant gecko skeleton (D:4)
  7 giant newts
  A giant spore (D:6)
  10 goblins
  A hobgoblin skeleton (D:4)
  A kobold zombie (D:5)
  3 quokka skeletons
  13 rats
  2 ballistomycetes (D:6)
153 creatures vanquished.

Vanquished Creatures (others)
  An orc wizard (D:6)
  2 orcs (D:6)
3 creatures vanquished.

Grand Total: 156 creatures vanquished

Notes
Turn   | Place    | Note
--------------------------------------------------------------
     0 | D:1      | BluebellGnoll, the High Elf Fire Elementalist, began the quest for the Orb.
     0 | D:1      | Reached XP level 1. HP: 11/11 MP: 4/4
   262 | D:1      | Reached XP level 2. HP: 17/17 MP: 2/7
   313 | D:1      | Learned a level 2 spell: Throw Flame
  1137 | D:1      | Reached XP level 3. HP: 12/21 MP: 2/10
  1348 | D:2      | Learned a level 3 spell: Conjure Flame
  2002 | D:2      | Reached skill level 4 in Spellcasting
  2411 | D:3      | Noticed Natasha
  2419 | D:3      | Killed Natasha
  2419 | D:3      | Reached XP level 4. HP: 27/27 MP: 6/14
  2424 | D:3      | Learned a level 3 spell: Inner Flame
  2496 | D:3      | Found a shimmering altar of Xom.
  2806 | D:3      | Noticed Natasha
  2822 | D:3      | Killed Natasha
  2953 | D:3      | Reached skill level 5 in Spellcasting
  3064 | D:3      | Noticed Natasha
  3076 | D:3      | Killed Natasha
  3348 | D:3      | Reached XP level 5. HP: 31/31 MP: 15/18
  3354 | D:3      | Learned a level 4 spell: Sticky Flame
  3836 | D:4      | Noticed an orc warrior
  3968 | D:4      | Killed an orc warrior
  3968 | D:4      | Reached XP level 6. HP: 36/36 MP: 2/20
  4083 | D:4      | Reached skill level 5 in Conjurations
  4096 | D:4      | Noticed a phantom
  4129 | D:4      | Killed a phantom
  4235 | D:4      | Noticed an ogre
  4245 | D:4      | Killed an ogre
  4245 | D:4      | Reached skill level 6 in Conjurations
  4345 | D:4      | Noticed a sky beast
  4355 | D:4      | Killed a sky beast
  4355 | D:4      | Reached XP level 7. HP: 34/41 MP: 14/22
  4466 | D:4      | Noticed an ogre
  4474 | D:4      | Killed an ogre
  4673 | D:4      | Got a faintly humming ring mail
  4757 | D:4      | Noticed Ijyb
  4776 | D:4      | Killed Ijyb
  5044 | D:4      | Learned a level 5 spell: Fireball
  5235 | D:5      | Entered Level 5 of the Dungeon
  5559 | D:5      | Reached skill level 7 in Spellcasting
  5728 | D:5      | Reached XP level 8. HP: 43/46 MP: 15/25
  6724 | D:6      | Found a blossoming altar of Fedhas.
  6729 | D:6      | Found an iron altar of Okawaru.
  6729 | D:6      | Found a glowing golden altar of the Shining One.
  6729 | D:6      | Found a deep blue altar of Sif Muna.
  6739 | D:6      | Got a heavily runed leather armour
  6744 | D:6      | Became a worshipper of Sif Muna the Loreminder
  6751 | D:6      | Identified the +2 leather armour of the Evening {Str+2 Dex-3} (You found it on level 6 of the Dungeon)
  6894 | D:6      | Identified the +9 ring mail of Wrong Decisions {+Fly rPois} (You found it on level 4 of the Dungeon)
  7024 | D:6      | Found a staircase to the Ecumenical Temple.
  7028 | Temple   | Entered the Ecumenical Temple
  7144 | D:7      | Noticed Sigmund
  7158 | D:7      | Killed Sigmund
  7158 | D:7      | Reached skill level 8 in Conjurations
  7265 | D:7      | Noticed Mygna's ghost (experienced MfTm)
  7288 | D:7      | Slain by Mygna's ghost

Action                   |  1- 3 |  4- 6 |  7- 9 || total
-------------------------+-------+-------+-------++-------
Melee: Short sword       |    27 |       |       ||    27
       Dagger            |       |     1 |    33 ||    34
       Trident           |       |     1 |       ||     1
       Spear             |       |       |     1 ||     1
       War axe           |       |       |    34 ||    34
 Fire: Blowgun           |       |       |     7 ||     7
Throw: Dart              |       |       |     5 ||     5
 Cast: Flame Tongue      |    80 |    68 |   123 ||   271
       Throw Flame       |     1 |    15 |    22 ||    38
       Conjure Flame     |     1 |     7 |     7 ||    15
       Inner Flame       |       |     1 |     2 ||     3
       Sticky Flame      |       |     1 |     8 ||     9
Evoke: Wand              |       |       |     1 ||     1
  Use: Scroll            |     2 |     4 |     9 ||    15
 Stab: Sleeping          |     3 |     1 |     3 ||     7
